 Dungeon Crawl Stone Soup version 0.28-a0-258-g8de209e91f (webtiles) character file.

Game seed: 10372124439422768833

3681 aSlayers the Grappler (level 9, -7/87 HPs)
             Began as a Troll Abyssal Knight on Aug 26, 2021.
             Was a High Priest of Lugonu.
             Killed from afar by a steam dragon (19 damage)
             ... with a ball of steam
             ... on level 7 of the Dungeon.
             The game lasted 00:16:22 (7834 turns).

aSlayers the Grappler (Troll Abyssal Knight)        Turns: 7834, Time: 00:16:23

Health: -7/87      AC:  4    Str: 25    XL:     9   Next: 90%
Magic:  9/9        EV: 11    Int:  8    God:    Lugonu [*****.]
Gold:   708        SH:  0    Dex:  9    Spells: 8/8 levels left

rFire   . . .      SeeInvis .     - Unarmed
rCold   . . .      Faith    .   (no shield)
rNeg    . . .      Spirit   .   a - +0 robe
rPois   .          Reflect  .   (helmet restricted)
rElec   .          Harm     .   (no cloak)
rCorr   .          Rampage  .   (gloves unavailable)
Will    .....                   (boots unavailable)
Stlth   ++........              w - amulet of magic regeneration
HPRegen 1.24/turn               (no ring)
MPRegen 0.36/turn               (no ring)

@: no status effects
A: large, unfitting armour, claws 3, regeneration 1, shaggy fur 1, tough skin 1
a: Renounce Religion, Depart the Abyss, Bend Space, Banish, Corrupt, Enter the
Abyss


You were on level 7 of the Dungeon.
You worshipped Lugonu.
Lugonu was extremely pleased with you.
You visited 2 branches of the dungeon, and saw 9 of its levels.
You visited the Abyss 1 time.
You also visited: Sewer.

You collected 708 gold pieces.

Inventory:

Missiles
 n - a throwing net
 D - 47 stones
Armour
 a - a +0 robe (worn)
Jewellery
 e - a ring of ice
 w - an amulet of magic regeneration (around neck)
 C - an amulet of faith
Wands
 y - a wand of paralysis (11)
 z - a wand of mindburst (21)
 A - a wand of polymorph (6)
Scrolls
 g - 3 scrolls of noise {unknown}
 i - 11 scrolls of identify {unknown}
 j - 3 scrolls of immolation {unknown}
 k - a scroll of fear
 m - 2 scrolls of summoning {unknown}
 q - 4 scrolls of fog {unknown}
 r - 5 scrolls of enchant weapon {unknown}
 s - a scroll of enchant armour {unknown}
 u - 3 scrolls of amnesia
 x - 2 scrolls of vulnerability {unknown}
 B - 2 scrolls of holy word {unknown}
Potions
 b - 3 potions of flight {unknown}
 c - 4 potions of brilliance {unknown}
 d - 4 potions of ambrosia {unknown}
 f - 2 potions of heal wounds {unknown}
 h - 3 potions of curing {unknown}
 l - 3 potions of lignification {unknown}
 o - 4 potions of haste {unknown}
 p - a potion of resistance {unknown}
 t - a potion of invisibility {unknown}
 v - 2 potions of degeneration {unknown}


   Skills:
 + Level 4.9 Fighting
 + Level 5.7 Dodging
 + Level 2.3 Stealth
 + Level 10.8 Unarmed Combat
 + Level 1.7 Invocations


You had 8 spell levels left.
You didn't know any spells.
Your spell library contained the following spells:

 Spells                   Type           Power      Damage    Failure   Level
 Animate Skeleton         Necr           0%         N/A       41%         1
 Freeze                   Ice            0%         1d3       41%         1
 Pain                     Necr           0%         1d4       41%         1
 Blink                    Tloc           N/A        N/A       54%         2
 Frozen Ramparts          Ice            0%         1d2       78%         3
 Ignite Poison            Fire/Tmut/Pois 0%         N/A       78%         3
 Mephitic Cloud           Conj/Pois/Air  0%         N/A       78%         3
 Vampiric Draining        Necr           0%         2d6       78%         3
 Hailstorm                Conj/Ice       0%         3d3       99%         4
 Bolt of Magma            Conj/Fire/Erth 0%         4d4       100%        5
 Manifold Assault         Tloc           0%         N/A       100%        5
 Storm Form               Tmut/Air       0%         N/A       100%        7


Dungeon Overview and Level Annotations

Branches:
Dungeon (8/15)             Temple (1/1) D:6           Sewer (visited)
   Lair: D:8-11

Altars:
Ashenzari
Cheibriados
Dithmenos
Elyvilon
Fedhas
Gozag
Hepliaklqana
Kikubaaqudgha
Makhleb
Nemelex Xobeh
Okawaru
Qazlal
Ru
Sif Muna
Trog
Uskayaw
Vehumet
Wu Jian
Xom
Yredelemnul
Zin
The Shining One

Shops:
D:4 :

Annotations:
D:4 exclusion: statue
D:8 3 runed translucent doors, robertstho's ghost, novice DjFE


Innate Abilities, Weirdness & Mutations

You are too large for most types of armour.
You have claws for hands.
Your natural rate of healing is unusually fast.
You are covered in fur. (AC +1)
You have tough skin. (AC +1)


Message History

The shadow imp closely misses you.
You closely miss the steam dragon.
The steam dragon is almost dead.
You are engulfed in a cloud of scalding steam.
The steam dragon bites you. The steam dragon claws you.
The shadow imp hits you but does no damage.
You are too injured to fight recklessly!
You are too injured to fight recklessly!
You are too injured to fight recklessly!
You are too injured to fight recklessly!
You are too injured to fight recklessly!
You are too injured to fight recklessly!
You are too injured to fight recklessly!
You are too injured to fight recklessly!
You scratch the gnoll shaman.
The gnoll shaman is lightly wounded.
The steam dragon misses you. The steam dragon barely misses you.
The shadow imp gestures at you. Pain shoots through your body!
The gnoll shaman hits you with a +0 club!
You mangle the gnoll shaman!!
You kill the gnoll shaman!
Lugonu accepts your kill.
You are engulfed in a cloud of scalding steam.
* * * LOW HITPOINT WARNING * * *
The steam dragon bites you.
* * * LOW HITPOINT WARNING * * *
The steam dragon closely misses you.
As you read the scroll of fear, it crumbles to dust.
You assume a fearsome visage.
The shadow imp is unaffected.
The steam dragon resists with some effort.
The jelly looks frightened!
The shadow imp barely misses you. The steam dragon bites you.
* * * LOW HITPOINT WARNING * * *
The steam dragon closely misses you.
Found 11 gold pieces.
The shadow imp hits you.
* * * LOW HITPOINT WARNING * * *
The steam dragon breathes steam at you. The ball of steam hits you!!
You die...

... #......#
##....##.[.# ....
#..##).####'####..)).
(....
#..##..'.†....'..#.#.
.#+###
#).....########...#..
#......'......#..#.#.
##+######......##.....
##?..# #........#.....
#.....###..#..#..#####'
#.#5@'....##....'....
#$#§##..#..#..##..#.
#$#D.##.[......###..†
#.....†?###......##
##.# ###.J.### #......#
#.. #### ######## ##.
##


You could see a steam dragon (catching breath), a jelly (fleeing) and a shadow
imp.

Vanquished Creatures
  A hornet (D:8)
  Grinder (D:3)
  A shadow (D:8)
  A wyvern (D:4)
  3 steam dragons (D:7)
  2 water moccasins
  2 sky beasts
  An ice beast (D:7)
  3 ogres
  A centaur (D:7)
  A kobold brigand (D:7)
  4 bullfrogs
  A gnoll sergeant (D:8)
  5 scorpions
  A wyvern skeleton (D:7)
  A killer bee (D:7)
  A howler monkey (D:5)
  2 centaur zombies
  4 hounds
  4 jellies
  A centaur skeleton (D:5)
  5 iguanas
  A gnoll shaman (D:7)
  5 orc wizards
  A howler monkey zombie (D:8)
  8 gnolls
  2 river rats (D:4)
  3 adders (D:5)
  A white imp (D:5)
  An ufetubus (D:7)
  4 worms
  A dart slug (D:1)
  28 orcs
  8 ball pythons
  6 endoplasms
  5 giant cockroaches
  12 goblins
  8 hobgoblins
  6 jackals
  12 kobolds
  4 quokkas
  12 bats
  11 frilled lizards
  4 rats
189 creatures vanquished.

Vanquished Creatures (others)
  8 plants (D:6)
8 creatures vanquished.

Grand Total: 197 creatures vanquished

Notes
Turn   | Place    | Note
-------+----------+-------------------------------------------
     0 | Abyss:1  | aSlayers the Troll Abyssal Knight began the quest for the
                  | Orb.
     0 | Abyss:1  | Reached XP level 1. HP: 22/22 MP: 1/1
     0 | D:1      | Escaped the Abyss
   100 | D:1      | Reached * piety under Lugonu
   162 | D:1      | Found a faded altar of an unknown god.
   278 | D:1      | Reached XP level 2. HP: 28/29 MP: 2/2
   478 | D:1      | Reached XP level 3. HP: 37/37 MP: 3/3
   884 | D:2      | Reached ** piety under Lugonu
  1761 | D:3      | Noticed Grinder
  1771 | D:3      | Paralysed by Grinder for 5 turns
  1778 | D:3      | Reached XP level 4. HP: 17/45 MP: 4/4
  1833 | D:3      | Killed Grinder
  1834 | D:3      | Reached skill level 4 in Unarmed Combat
  1834 | D:3      | Reached XP level 5. HP: 47/53 MP: 5/5
  1834 | D:3      | Reached XP level 6. HP: 54/61 MP: 6/6
  2201 | D:4      | Found Lah Ahoh's Self-Improvement Boutique.
  2268 | D:4      | Reached skill level 5 in Unarmed Combat
  2403 | D:4      | Found a radiant altar of Vehumet.
  2446 | D:4      | Reached *** piety under Lugonu
  2596 | D:4      | Found a glowing drain.
  2600 | D:4      | Reached XP level 7. HP: 64/67 MP: 7/7
  2647 | Sewer    | Entered a sewer
  2717 | Sewer    | Reached skill level 6 in Unarmed Combat
  2873 | D:4      | Noticed a wyvern
  2896 | D:4      | Found a glowing golden altar of the Shining One.
  2901 | D:4      | Found a stormy altar of Qazlal.
  2941 | D:4      | Found a blossoming altar of Fedhas.
  2945 | D:4      | Found an ancient bone altar of Kikubaaqudgha.
  2945 | D:4      | Found a basalt altar of Yredelemnul.
  3109 | D:4      | Killed a wyvern
  3110 | D:4      | Reached skill level 1 in Stealth
  3369 | D:5      | Entered Level 5 of the Dungeon
  3501 | D:5      | Reached skill level 7 in Unarmed Combat
  3643 | D:5      | Reached XP level 8. HP: 73/78 MP: 8/8
  4571 | D:6      | Reached **** piety under Lugonu
  4788 | D:6      | Found a staircase to the Ecumenical Temple.
  4854 | D:6      | Reached skill level 8 in Unarmed Combat
  5703 | D:7      | Reached skill level 9 in Unarmed Combat
  5849 | D:7      | Reached XP level 9. HP: 47/84 MP: 9/9
  5995 | D:7      | Found a shadowy altar of Dithmenos.
  6168 | D:7      | You fall into a shaft and drop 1 floor!
  6351 | D:8      | Reached skill level 5 in Dodging
  6567 | D:8      | Reached skill level 10 in Unarmed Combat
  6637 | D:8      | Found a runed translucent gate.
  6637 | D:8      | Found a runed translucent gate.
  6640 | D:8      | Found a runed translucent gate.
  6642 | D:8      | Noticed robertstho's ghost (novice DjFE)
  6729 | D:8      | Reached ***** piety under Lugonu
  6797 | D:8      | Paralysed by a hornet for 1 turns
  7058 | Temple   | Entered the Ecumenical Temple
  7834 | D:7      | Killed from afar by a steam dragon

Illustrated notes

Levels and vault maps discovered:
D:1:      enne_arrival_octagon_isle, layout_loops_cross,
          ebering_ecumenical_altar_ruins, minmay_vboxes
D:2:      layout_basic
D:3:      layout_basic, kennysheep_donut, uniq_grinder
D:4:      minmay_recursive_quarters, layout_basic,
          minmay_overflow_temple_star_hex, vehumet_statue,
          cheibrodos_sewer_entry_sluice, nicolae_shop_self_help
D:5:      layout_layer_cave, hangedman_decor_growths
D:6:      layout_loops_corners, minmay_temple_entry_trees, minmay_lizard_king
D:7:      minmay_polygon_palace, layout_basic, lemuel_tele_altar,
          serial_corexii_hall, corexii_hall_statues_s, chequers_hall_statues_y
D:8:      layout_gridville, gammafunk_ghost_necromancy, corexii_checkpoint_a,
          minmay_statues_item
Temple:   regret_index_temple_waves

Skill      XL: |  1  2  3  4  5  6  7  8  9 |
---------------+----------------------------+-----
Dodging        | 2 3 4 5 |  5.7
Fighting       | 3 4 |  4.9
Unarmed Combat | 4 5 7 9 10 | 10.8
Stealth        | 1 2 |  2.3
Invocations    | |  1.7

Action                   |  1- 3 |  4- 6 |  7- 9 || total
-------------------------+-------+-------+-------++-------
Melee: Unarmed           |   135 |    64 |   342 ||   541
       Punch             |     1 |     1 |    16 ||    18
Invok: Depart the Abyss  |     1 |       |       ||     1
  Use: Scroll            |     2 |       |     6 ||     8
 Stab: Sleeping          |       |       |     4 ||     4
Armor: Robe              |    56 |    16 |    81 ||   153
Dodge: Dodged            |    52 |    27 |   194 ||   273

Table legend: (Time is in decaauts)
 A = Elapsed time spent in this place.
 B = Non-inter-level travel time spent in this place.
 C = Inter-level travel time spent in this place.
 D = Time resting spent in this place.
 E = Time spent auto-exploring this place.
 F = Levels seen in this place.
 G = Mean time per level.
                   A        B        C        D        E       F      G
               +--------+--------+--------+--------+--------+-----+--------+
         Total |   7812 |   7707 |    105 |      0 |   5772 |  11 |  710.2 |
       Dungeon |   7341 |   7236 |    105 |      0 |   5579 |   8 |  917.6 |
        Temple |    239 |    239 |      0 |      0 |    107 |   1 |  239.0 |
         Abyss |      0 |      0 |      0 |      0 |      0 |   1 |    0.0 |
         Sewer |    231 |    231 |      0 |      0 |     85 |   1 |  231.0 |
               +--------+--------+--------+--------+--------+-----+--------+

Top non-repeatable levels by time:
     D:5: 1172 daAuts
     D:7: 1128 daAuts
     D:6: 1045 daAuts
     D:2: 978 daAuts
     D:4: 961 daAuts
     D:8: 842 daAuts
     D:1: 712 daAuts
     D:3: 499 daAuts
  Temple: 239 daAuts
   Sewer: 231 daAuts
